AoeStats
← crissivan33

Arabia

510607820Analyzed
1v1 RM · 10h ago on Oct 1, 2026· 25m 2s· 2 players
Game mode
Random Map
Map size
Tiny (2 player)
Population
200
Speed
Normal
Resources
Standard
Victory
Conquest
Starting age
Dark Age
Ending age
Imperial Age
RankedLock teamsTeams togetherTeam positionsShared explorationLock speedFull tech treeHidden civsTurbo modeCheats
Victory
Defeat
🇨🇴 Armenians · Colombia
1212
+15
🇲🇽 Bohemians · Mexico
1183
-15
[GDL] Jorgetzin
7:30 Loom
9:48 Feudal Age
10:57 Horse Collar
11:04 Double-Bit Axe
10:46 Man-at-Arms
15:02 Town Watch
26:21 Castle Age
crissivan33
4:52 Loom
9:43 Feudal Age
10:01 Man-at-Arms
13:24 Arson
16:33 Long Swordsman
17:31 Scale Mail Armor
21:15 Forging
Connection lost

Rejoining the realm…

Still unreachable

The connection could not be restored.

Session expired

The server has moved on; the page needs a fresh start.